 Dungeon Crawl Stone Soup version 0.22.1-2-g9c5b331 (webtiles) character file.

52168 rz the Severer (level 14, -9/199 HPs)
             Began as a Minotaur Berserker on Nov 30, 2018.
             Was an Elder of Trog.
             Mangled by an orc knight
             ... wielding a +0 dire flail
              (15 damage)
             ... on level 1 of the Orcish Mines.
             The game lasted 00:28:40 (19849 turns).

rz the Severer (Minotaur Berserker)                Turns: 19849, Time: 00:28:41

Health: -9/199     AC: 27    Str: 27    XL:     14   Next: 26%
Magic:  13/13      EV:  2    Int:  4    God:    Trog [****..]
Gold:   1797       SH:  0    Dex: 10    Spells: 13/13 levels left

rFire    . . .     SeeInvis .   q - +3 battleaxe (flame)
rCold    . . .     Gourm    +   (shield currently unavailable)
rNeg     + + +     Faith    .   (armour currently unavailable)
rPois    +         Spirit   .   (helmet currently unavailable)
rElec    .         Reflect  .   (cloak currently unavailable)
rCorr    +         Harm     .   (gloves currently unavailable)
MR       +++..     NoTele   +   (boots currently unavailable)
Stlth    +.........             s - amulet of the gourmand
HPRegen  1.43/turn              u - ring of positive energy
MPRegen  0.13/turn              Q - ring of resist corrosion

@: lethally poisoned (-9 -> -9), tree-form, berserk cooldown, regenerating,
slowed, very slow
A: (retaliatory headbutt)
a: Berserk, Trog's Hand, Brothers in Arms, Renounce Religion


You were on level 1 of the Orcish Mines.
You worshipped Trog.
Trog was greatly pleased with you.
You were full.
You were a tree.
You visited 3 branches of the dungeon, and saw 19 of its levels.
You also visited: Ossuary.

You collected 1797 gold pieces.

Inventory:

Hand Weapons
 q - a +3 battleaxe of flaming (weapon)
 w - a +4 antimagic battleaxe
 O - a +4 war axe of electrocution
 T - the +7 rapier of Imbalance {vamp, rPois rC- rN+ Dex+5}
   (You found it on level 6 of the Lair of Beasts)

   It inflicts no extra harm, but heals its wielder when it wounds a living foe.
   It affects your dexterity (+5).
   It makes you vulnerable to cold.
   It protects you from poison.
   It protects you from negative energy.
Missiles
 G - 134 bolts
Armour
 k - a +0 plate armour (melded)
 n - a +0 shield
 v - a +2 hat (melded)
 K - a +0 pair of boots (melded)
 P - a +2 cloak (melded)
 R - a +0 pair of gloves (melded)
Jewellery
 f - an uncursed ring of positive energy
 s - an amulet of the gourmand (around neck)
 u - a ring of positive energy (left branch)
 Q - a ring of resist corrosion (right branch)
 U - an uncursed ring of fire
Wands
 y - a wand of polymorph (21)
 A - a wand of disintegration (22)
 C - a wand of paralysis (14)
 L - a wand of iceblast (17)
 N - a wand of random effects (53)
Scrolls
 a - 2 scrolls of fog
 d - 7 scrolls of teleportation
 e - 6 scrolls of identify
 i - 11 scrolls of remove curse
 l - 3 scrolls of magic mapping
 t - a scroll of vulnerability {unknown}
 x - a scroll of fear {unknown}
 B - 3 scrolls of enchant weapon
 H - a scroll of brand weapon {unknown}
 I - 4 scrolls of blinking
 J - 3 scrolls of immolation {unknown}
 S - a scroll of holy word {unknown}
Potions
 b - 2 potions of resistance
 g - 6 potions of haste
 h - 5 potions of brilliance
 j - 5 potions of lignification
 m - 4 potions of magic
 o - 3 potions of agility
 p - 2 potions of cancellation {unknown}
 r - 2 potions of ambrosia {unknown}
 z - 3 potions of flight
 E - 2 potions of mutation
 F - 3 potions of curing {unknown}
 M - a potion of might {unknown}
Comestibles
 c - 39 rations


   Skills:
 + Level 14.9 Fighting
 * Level 19.7 Axes
 + Level 14.7 Armour
 - Level 2.1 Dodging


You had 13 spell levels left.
You didn't know any spells.
Your spell library was empty.

Dungeon Overview and Level Annotations

Branches:
Dungeon (12/15)            Temple (0/1) D:4            Lair (6/6) D:9
 Shoals (0/4) Lair:3       Spider (0/4) Lair:3        Slime (0/5) Lair:6
    Orc (1/2) D:11

Altars:
Ashenzari
Cheibriados
Nemelex Xobeh
Okawaru
Qazlal
Trog
Beogh
Jiyva

Shops:
D:4 (   D:9 !

Annotations:
Lair:3 exclusion: 2 oklob plants


Innate Abilities, Weirdness & Mutations

((You reflexively headbutt those who attack you in melee.))
((You have a pair of horns on your head.))


Message History

You fail to use your ability.
The orc warrior no longer looks unusually strong.
The orc no longer looks unusually strong.
The orc knight roars a battlecry!
The orc warrior goes into a battle-frenzy!
The orc warrior hits you with a short sword.
* * * LOW HITPOINT WARNING * * *
The orc warrior hits you from afar with a glaive!
* * * LOW HITPOINT WARNING * * *
The orc knight hits you with a dire flail.
* * * LOW HITPOINT WARNING * * *
The orc warrior hits you with a short sword.
* * * LOW HITPOINT WARNING * * *
You barely miss the orc knight.
The orc knight is severely wounded.
You hit the orc warrior. You burn the orc warrior.
You feel sick.
The orc warrior hits you from afar with a glaive!
* * * LOW HITPOINT WARNING * * *
The orc knight hits you with a dire flail!
You die...

##......# ##..$...#.
##############........#
.....#...#...........#
..#.#...###.........#
...#....#.....#..######
............####.#....#
...#.).......##)o#oo..#
..>..)).....####♣ooo..#
..<....#...## ###oo..#
......###.## #####
......# ### .....##
..#... ...#.## ....##
...


You could see an orc knight, 4 orc warriors and 3 orcs.

Vanquished Creatures
  Gastronok (D:9)
  An orc warlord (Orc:1)
  A fire dragon (Lair:6)
  5 hydras
  3 two-headed ogres
  An unseen horror (D:11)
  4 orc knights (Orc:1)
  A lindwurm (Lair:6)
  4 elephants (Lair:4)
  7 black mambas
  5 torpor snails (Lair:6)
  A gargoyle (D:10)
  8 spiny frogs
  16 rime drakes
  5 komodo dragons
  8 hornets (Lair:6)
  3 trolls
  4 tyrant leeches (Lair:6)
  28 blink frogs
  6 hippogriffs
  2 shadows
  Sigmund (D:3)
  2 wraiths
  23 yaks
  3 basilisks
  A hungry ghost (D:7)
  5 steam dragons
  A human (D:11)
  A death yak simulacrum (Lair:6)
  14 water moccasins
  9 porcupines
  10 orc warriors
  2 phantoms (D:9)
  3 sky beasts
  2 black mamba simulacra (Lair:6)
  4 ice beasts
  A black bear (D:9)
  An eye of draining (D:12)
  A necrophage (D:12)
  4 ogres
  12 wolves
  8 centaurs
  10 crocodiles
  Blork the orc (D:4)
  10 bullfrogs
  A gnoll sergeant (D:12)
  A wyvern zombie (D:12)
  2 water moccasin zombies (Ossuary)
  5 scorpions
  A dream sheep simulacrum (Lair:6)
  8 killer bees (D:11)
  13 wights
  2 electric eels (D:9)
  A howler monkey (D:4)
  3 quasits
  6 crimson imps
  11 orc priests
  2 bullfrog zombies
  4 jellies
  2 gnoll shamans
  A centaur skeleton (D:5)
  12 hounds
  14 orc wizards
  3 bullfrog skeletons
  Ijyb (D:3)
  An iguana (D:7)
  5 hell rats
  7 worker ants
  A big kobold zombie (Ossuary)
  2 hound zombies
  2 mummies (Ossuary)
  A worker ant zombie (D:9)
  17 gnolls
  11 river rats (Lair:1)
  11 adders
  2 shadow imps
  An adder skeleton (D:6)
  3 adder zombies
  A worm (D:6)
  3 dart slugs
  4 leopard geckos
  56 orcs
  6 giant cockroaches
  3 gnoll zombies (Ossuary)
  10 goblins
  6 hobgoblins
  15 jackals
  9 kobolds
  5 quokkas
  6 bats
  5 frilled lizards
  8 hobgoblin zombies (Ossuary)
  6 kobold zombies (Ossuary)
  5 orc zombies (Ossuary)
  10 rats
  A fungus (Lair:3)
  4 plants
563 creatures vanquished.

Vanquished Creatures (collateral kills)
  The ghost of TheDeanity the Grappler, a journeyman TrMo of Makhleb (Lair:6)
  A rime drake (Lair:6)
  A hydra simulacrum (Lair:6)
  A spiny frog simulacrum (Lair:6)
  A komodo dragon simulacrum (Lair:6)
5 creatures vanquished.

Vanquished Creatures (others)
  A goblin (D:11)
  3 fungi
  5 plants
9 creatures vanquished.

Grand Total: 577 creatures vanquished

Notes
Turn   | Place    | Note
-------+----------+-------------------------------------------
     0 | D:1      | rz the Minotaur Berserker began the quest for the Orb.
     0 | D:1      | Reached XP level 1. HP: 19/19 MP: 0/0
    38 | D:1      | Reached skill level 4 in Axes
    46 | D:1      | Reached XP level 2. HP: 25/27 MP: 1/1
   583 | D:1      | Reached ** piety under Trog
   593 | D:1      | Reached XP level 3. HP: 20/33 MP: 2/2
  1428 | D:2      | Found a bloodstained altar of Trog.
  1564 | D:3      | Reached skill level 5 in Axes
  1564 | D:3      | Reached XP level 4. HP: 41/41 MP: 3/3
  1713 | D:3      | Reached XP level 5. HP: 47/47 MP: 4/4
  1742 | D:3      | Reached *** piety under Trog
  1844 | D:3      | Noticed Sigmund
  1854 | D:3      | Killed Sigmund
  1854 | D:3      | Reached skill level 5 in Fighting
  1854 | D:3      | Reached skill level 6 in Axes
  1854 | D:3      | Reached XP level 6. HP: 56/56 MP: 5/5
  1920 | D:3      | Noticed Ijyb
  1930 | D:3      | Killed Ijyb
  2783 | D:4      | Reached skill level 7 in Axes
  2811 | D:4      | Reached skill level 5 in Armour
  2811 | D:4      | Reached XP level 7. HP: 62/62 MP: 6/6
  2947 | D:4      | Found a sand-covered staircase.
  3108 | D:4      | Found an iron altar of Okawaru.
  3268 | D:4      | Noticed Blork the orc
  3275 | D:4      | Killed Blork the orc
  3607 | D:4      | Found Ziskauth's Weapon Shop.
  3788 | D:4      | Found a staircase to the Ecumenical Temple.
  3850 | D:5      | Entered Level 5 of the Dungeon
  3907 | D:5      | Reached skill level 8 in Axes
  4515 | D:6      | Reached XP level 8. HP: 70/71 MP: 7/7
  4521 | D:6      | Reached skill level 9 in Axes
  4752 | D:6      | Found a sand-covered staircase.
  4757 | Ossuary  | Entered an ossuary
  4862 | Ossuary  | Reached **** piety under Trog
  4996 | D:6      | Found a snail-covered altar of Cheibriados.
  5015 | D:6      | Reached skill level 10 in Axes
  5200 | D:6      | Found a stormy altar of Qazlal.
  5200 | D:6      | Found a shattered altar of Ashenzari.
  5765 | D:7      | Reached XP level 9. HP: 56/81 MP: 8/8
  5960 | D:7      | Paralysed by fainting for 10 turns
  6162 | D:7      | Reached skill level 11 in Axes
  6218 | D:7      | Found a flagged portal.
  6361 | D:7      | Found a sparkling altar of Nemelex Xobeh.
  7454 | D:9      | Noticed Gastronok
  7757 | D:9      | Noticed a troll
  7766 | D:9      | Killed a troll
  7766 | D:9      | Reached skill level 12 in Axes
  7773 | D:9      | Reached ***** piety under Trog
  7778 | D:9      | Found a staircase to the Lair.
  7919 | D:9      | Reached XP level 10. HP: 91/91 MP: 9/9
  8003 | D:9      | Killed Gastronok
  8003 | D:9      | Reached skill level 10 in Fighting
  8003 | D:9      | Reached skill level 13 in Axes
  8057 | D:9      | Found Memout's Distillery.
  8224 | D:9      | Reached skill level 10 in Armour
  8644 | D:10     | Entered Level 10 of the Dungeon
  8707 | D:10     | Received a gift from Trog
  8711 | D:10     | Reached skill level 14 in Axes
  8982 | D:10     | Reached XP level 11. HP: 97/101 MP: 10/10
  9173 | D:10     | Noticed a two-headed ogre
  9181 | D:10     | Killed a two-headed ogre
  9338 | D:11     | Found a staircase to the Orcish Mines.
  9869 | D:11     | Noticed a two-headed ogre
  9878 | D:11     | Killed a two-headed ogre
 10246 | D:11     | Killed an unseen horror
 10246 | D:11     | Reached skill level 15 in Axes
 10673 | D:12     | Noticed a two-headed ogre
 10681 | D:12     | Killed a two-headed ogre
 10920 | D:12     | Received a gift from Trog
 11744 | Lair:1   | Entered Level 1 of the Lair of Beasts
 11829 | Lair:1   | Reached skill level 16 in Axes
 11829 | Lair:1   | Reached XP level 12. HP: 98/112 MP: 3/11
 13347 | Lair:2   | Found a labyrinth entrance.
 13613 | Lair:2   | Reached skill level 17 in Axes
 14880 | Lair:3   | Reached XP level 13. HP: 95/122 MP: 4/12
 15262 | Lair:3   | Found a hole to the Spider Nest.
 15440 | Lair:3   | Found a staircase to the Shoals.
 15937 | Lair:4   | Reached skill level 18 in Axes
 17120 | Lair:5   | Received a gift from Trog
 17760 | Lair:6   | Entered Level 6 of the Lair of Beasts
 17924 | Lair:6   | Found a runed gate.
 17925 | Lair:6   | Found a runed gate.
 17926 | Lair:6   | Found a runed gate.
 18112 | Lair:6   | Reached skill level 19 in Axes
 18382 | Lair:6   | Found a viscous altar of Jiyva.
 18382 | Lair:6   | Found a staircase to the Slime Pits.
 18588 | Lair:6   | Found a runed door.
 18599 | Lair:6   | Noticed a fire dragon
 18603 | Lair:6   | Killed a fire dragon
 18716 | Lair:6   | Reached XP level 14. HP: 133/133 MP: 13/13
 18733 | Lair:6   | Paralysed by a hornet for 3 turns
 19166 | Lair:6   | Got a fine rapier
 19172 | Lair:6   | Identified the +7 rapier of Imbalance {vamp, rPois rC- rN+
                  | Dex+5} (You found it on level 6 of the Lair of Beasts)
 19285 | Lair:6   | Noticed TheDeanity's ghost (journeyman TrMo)
 19387 | Lair:6   | Killed TheDeanity's ghost
 19786 | Orc:1    | Entered Level 1 of the Orcish Mines
 19821 | Orc:1    | Noticed an orc warlord
 19824 | Orc:1    | Found a roughly hewn altar of Beogh.
 19830 | Orc:1    | Killed an orc warlord
 19843 | Orc:1    | HP: 1/199 [orc knight/dire flail (14)]
 19849 | Orc:1    | HP: 6/199 [orc warrior/glaive (11)]
 19849 | Orc:1    | Mangled by an orc knight

Skill      XL: |  1  2  3  4  5  6  7  8  9 10 11 12 13 |
---------------+----------------------------------------+-----
Axes           | 4 5 6 7 8 10 12 14 16 17 19 | 19.7
Fighting       | 4 5 6 8 9 10 12 13 14 | 14.9
Armour         | 3 4 5 6 7 9 10 11 13 14 | 14.7
Dodging        | |  2.1

Action                   |  1- 3 |  4- 6 |  7- 9 | 10-12 | 13-15 || total
-------------------------+-------+-------+-------+-------+-------++-------
Melee: Hand axe          |    82 |    91 |       |       |       ||   173
       Headbutt          |    10 |    14 |    75 |   111 |    68 ||   278
       War axe           |       |     9 |   131 |       |       ||   140
       Battleaxe         |       |       |   282 |   540 |   303 ||  1125
Invok: Berserk           |     1 |     3 |     8 |     8 |     7 ||    27
       Trog's Hand       |       |     2 |     3 |     8 |     6 ||    19
       Brothers in Arms  |       |       |       |       |     2 ||     2
Evoke: Wand              |       |       |       |     2 |    16 ||    18
  Use: Scroll            |     4 |       |       |    15 |     3 ||    22
       Potion            |       |       |       |       |     5 ||     5
 Stab: Distracted        |       |       |       |       |     1 ||     1
  Eat: Chunk             |     2 |     8 |    36 |    33 |    25 ||   104
       Ration            |       |       |     2 |       |       ||     2
Armor: Animal skin       |     4 |       |       |       |       ||     4
       Leather armour    |     8 |       |       |       |       ||     8
       Plate armour      |     9 |    51 |   386 |   416 |   197 ||  1059
       Skin              |       |       |       |       |     8 ||     8
Dodge: Dodged            |    42 |    40 |   198 |   246 |    97 ||   623
